 Dungeon Crawl Stone Soup version 0.31.0-9-g3a7656b989 (webtiles) character file.

Game seed: 11983588453899217641

1887 qw the Skirmisher (level 8, -1/40 HPs)
             Began as a Spriggan Hunter on Feb 2, 2024.
             Slain by an orc warrior
             ... wielding a +0 trident
              (8 damage)
             ... on level 7 of the Dungeon.
             The game lasted 00:00:24 (4943 turns).

qw the Skirmisher (Spriggan Hunter)                 Turns: 4943, Time: 00:00:24

Health: -1/40      AC:  3    Str:  7    XL:     8   Next: 92%
Magic:  9/9        EV: 25    Int: 10    God:
Gold:   126        SH:  0    Dex: 21    Spells: 7/7 levels left

rFire   . . .        a - +1 shortbow (freeze)
rCold   + . .        (shield currently unavailable)
rNeg    . . .        c - +0 robe
rPois   .            (helmet restricted)
rElec   .            f - +0 cloak
rCorr   .            (gloves unavailable)
SInv    +            (boots unavailable)
Will    ++...        (no amulet)
Stlth   ++           i - ring of willpower
HPRegen 0.26/turn    j - ring of protection from cold
MPRegen 0.11/turn

%: no passive effects
@: very quick
A: very small, no large weapons, unfitting armour, see invisible, speed 3
a: no special abilities


You were on level 7 of the Dungeon.
You visited 1 branch of the dungeon, and saw 7 of its levels.
You also visited: Ossuary.

You collected 241 gold pieces.
You spent 115 gold pieces at shops.


Innate Abilities, Weirdness & Mutations

You are very small and have problems with some larger weapons.
You are too small for most types of armour.
You have supernaturally acute eyesight. (SInv)
You cover ground extremely quickly. (Speed+++)


   Skills:
 - Level 3.0 Fighting
 + Level 9.7 Ranged Weapons
 - Level 9.3 Dodging
 - Level 1.5 Stealth


You had 7 spell levels left.
You didn't know any spells.
Your spell library was empty.

Inventory:

Hand Weapons
 a - a +1 shortbow of freezing (weapon)
Armour
 c - a +0 robe (worn)
 f - a +0 cloak (worn)
Jewellery
 g - a ring of resist corrosion
 i - a ring of willpower (left hand)
 j - a ring of protection from cold (right hand)
 r - a +6 ring of strength
Wands
 b - a wand of iceblast (7)
 d - a wand of flame (15)
 l - a wand of acid (7)
Scrolls
 h - a scroll of torment {unknown}
 n - a scroll of acquirement {unknown}
Potions
 e - 4 potions of curing
 k - 2 potions of mutation
 m - 2 potions of cancellation
 q - a potion of haste

Dungeon Overview and Level Annotations

Branches:
Dungeon (7/15)            Ossuary (visited)
 Temple: D:4-7

Altars:
Sif Muna

Shops:
D:5 **


Message History

The orc warrior hits you from afar with a +0 trident!
The orc hits you but does no damage.
You shoot an arrow. The arrow hits the orc.
The arrow freezes the orc.
You kill the orc!
The orc warrior misses you.
The water moccasin completely misses you.
You shoot an arrow. The arrow misses the water moccasin.
The orc warrior completely misses you.
The water moccasin bites you but does no damage.
You shoot an arrow.
The arrow closely misses the water moccasin.
The orc warrior completely misses you. The water moccasin closely misses you.
You shoot an arrow.
The arrow closely misses the water moccasin.
The water moccasin barely misses you. The orc warrior misses you.
You shoot an arrow. The arrow hits the water moccasin!
The arrow freezes the water moccasin.
The water moccasin is heavily wounded.
The water moccasin closely misses you.
The orc warrior hits you from afar with a +0 trident!
The water moccasin closely misses you.
You shoot an arrow.
The arrow closely misses the water moccasin.
The water moccasin closely misses you. The orc warrior completely misses you.
You shoot an arrow. The arrow hits the water moccasin.
The water moccasin seems to slow down.
The arrow freezes the water moccasin.
The water moccasin is heavily wounded.
The water moccasin completely misses you.
The orc warrior hits you from afar with a +0 trident!
You shoot an arrow. The arrow misses the water moccasin.
The water moccasin completely misses you.
The orc warrior closely misses you.
You shoot an arrow.
The arrow barely misses the water moccasin.
The water moccasin closely misses you.
You shoot an arrow. The arrow hits the water moccasin.
The arrow freezes the water moccasin.
The water moccasin is severely wounded.
The orc warrior hits you from afar with a +0 trident!
You die...

...##............#
.########.....#..######
.#...........##..#....#
...#####...#.......####
..###.............##
......#....#.###.##
..####.......# #.#
..####.......# #.#
..##.........# #@#
############## #S# .#
o.. .# .)#)# .# ... ..
.# .... ... .# .....
... .# #..#.. .... .#


You could see an orc warrior and a water moccasin (slow).

Vanquished Creatures
  A water moccasin (D:6)
  An ice beast (D:5)
  3 ogres
  2 bullfrogs
  9 scorpions
  3 centaur zombies (Ossuary)
  A hound (D:4)
  A jelly (D:6)
  3 human zombies (Ossuary)
  Ijyb (D:3)
  Terence (D:2)
  4 iguanas
  2 orc wizards (D:5)
  4 scorpion zombies (Ossuary)
  3 mummies (Ossuary)
  6 adders
  2 ufetubi (D:6)
  2 adder zombies (Ossuary)
  2 ribbon worms
  23 orcs
  6 ball pythons
  6 bats
  2 endoplasms (D:2)
  3 giant cockroaches
  8 goblins
  4 hobgoblins
  13 jackals
  3 kobolds
  7 quokkas
  2 ball python zombies (Ossuary)
  A frilled lizard (D:3)
  A gnoll zombie (Ossuary)
  2 jackal zombies (Ossuary)
  2 orc zombies (Ossuary)
  7 rats
141 creatures vanquished.

Notes
Turn   | Place    | Note
-------+----------+-------------------------------------------
     0 | D:1      | qw the Spriggan Hunter began the quest for the Orb.
     0 | D:1      | Reached XP level 1. HP: 10/10 MP: 2/2
     0 | D:1      | 0 ||| qw: Version: 0.3-a-155-g5e7d8dd
     0 | D:1      | 0 ||| qw: Game counter: 2768
     0 | D:1      | 0 ||| qw: Melee chars always use a shield: true
     0 | D:1      | 0 ||| qw: God list: Okawaru
     0 | D:1      | 0 ||| qw: Allow faded altars: false
     0 | D:1      | 0 ||| qw: Do Orc after clearing Dungeon:15 true
     0 | D:1      | 0 ||| qw: Do second Lair branch before Depths: true
     0 | D:1      | 0 ||| qw: Lair rune preference: random
     0 | D:1      | 0 ||| qw: Goals: Normal
     0 | D:1      | 0 ||| PLANNING D:1-11
    28 | D:1      | Reached skill level 3 in Dodging
   184 | D:1      | Reached XP level 2. HP: 14/14 MP: 3/3
   422 | D:1      | You fall into a shaft and drop 1 floor!
   488 | D:2      | 488 ||| UPGRADING to ring of willpower.
   489 | D:2      | 489 ||| UPGRADING to ring of protection from cold.
   490 | D:2      | 490 ||| READING 2 scrolls labelled RORIMU DIED.
   491 | D:2      | 491 ||| READING scroll labelled NES MEOCZAA.
   491 | D:2      | 491 ||| IDENTIFYING 2 yellow potions
   492 | D:2      | 492 ||| READING scroll labelled QIBUCOI GEOF.
   493 | D:2      | 493 ||| READING scroll labelled INIBBE XEMUH.
   494 | D:2      | 494 ||| DROPPING scroll of butterflies.
   495 | D:2      | 495 ||| DROPPING scroll of immolation.
   497 | D:2      | 497 ||| Stepping ~*~*~tactically~*~*~ (cloud).
   498 | D:2      | 498 ||| DRINKING 2 potions of curing.
   498 | D:2      | 498 ||| (to cure poison)
   500 | D:2      | 500 ||| Stepping ~*~*~tactically~*~*~ (cloud).
   803 | D:2      | Reached XP level 3. HP: 18/18 MP: 4/4
   809 | D:2      | Noticed Terence
   813 | D:2      | Killed Terence
  1228 | D:2      | Found a faded altar of an unknown god.
  1519 | D:2      | 1519 ||| READING scroll of identify.
  1519 | D:2      | 1519 ||| IDENTIFYING fuming inky potion
  1520 | D:2      | 1520 ||| READING scroll labelled VOHUCE XOIPP.
  1521 | D:2      | 1521 ||| DROPPING potion of degeneration.
  1664 | D:3      | Noticed Ijyb
  1674 | D:3      | Killed Ijyb
  1675 | D:3      | Reached XP level 4. HP: 20/22 MP: 5/5
  2097 | D:3      | Found a shimmering blue altar of Sif Muna.
  2230 | D:3      | 2230 ||| READING scroll of identify.
  2230 | D:3      | 2230 ||| IDENTIFYING 2 green potions
  2231 | D:3      | 2231 ||| READING 2 scrolls labelled JENOTE ACZELIMUP.
  2332 | D:3      | 2332 ||| DROPPING 2 potions of lignification.
  2333 | D:3      | 2333 ||| DROPPING scroll of vulnerability.
  2532 | D:4      | Identified the +2 long sword of Dancing Pain and Death
                  | {venom, rCorr Str+3 Int-5}
  2671 | D:4      | Found the +18 Lear's hauberk
  2679 | D:4      | Noticed a scorpion
  2680 | D:4      | 2680 ||| RETREEEEATING.
  2681 | D:4      | 2681 ||| RETREEEEATING.
  2684 | D:4      | Reached XP level 5. HP: 26/26 MP: 6/6
  2692 | D:4      | Reached skill level 6 in Ranged Weapons
  2857 | D:4      | Reached XP level 6. HP: 29/30 MP: 7/7
  2893 | D:4      | 2893 ||| READING 2 scrolls labelled KISUHA JAWE.
  2894 | D:4      | 2894 ||| READING scroll labelled SESHROC HOMAT.
  2894 | D:4      | 2894 ||| ENCHANTING +0 shortbow.
  2895 | D:4      | 2895 ||| READING scroll labelled TYHULU CATASATE.
  2896 | D:4      | 2896 ||| DRINKING 2 fizzy amethyst potions.
  2897 | D:4      | 2897 ||| DROPPING scroll of fog.
  2903 | D:5      | Entered Level 5 of the Dungeon
  2904 | D:5      | 2904 ||| PLANNING OSSUARY
  2913 | D:5      | Reached skill level 6 in Dodging
  2986 | D:5      | 2986 ||| FLEEEEING.
  2987 | D:5      | 2987 ||| FLEEEEING.
  2988 | D:5      | 2988 ||| FLEEEEING.
  2989 | D:5      | 2989 ||| FLEEEEING.
  3008 | D:5      | Found a sand-covered staircase.
  3017 | Ossuary  | Entered an ossuary
  3115 | Ossuary  | HP: 7/30 [poisoned by a scorpion]
  3116 | Ossuary  | 3116 ||| DRINKING 2 potions of heal wounds.
  3184 | Ossuary  | HP: 7/30 [poisoned by a scorpion]
  3185 | Ossuary  | 3185 ||| DRINKING potion of heal wounds.
  3188 | Ossuary  | Reached XP level 7. HP: 33/35 MP: 8/8
  3506 | Ossuary  | Reached XP level 8. HP: 39/39 MP: 9/9
  3531 | Ossuary  | 3531 ||| READING 4 scrolls of identify.
  3531 | Ossuary  | 3531 ||| IDENTIFYING murky yellow potion
  3532 | Ossuary  | 3532 ||| READING 3 scrolls of identify.
  3532 | Ossuary  | 3532 ||| IDENTIFYING white potion
  3533 | Ossuary  | 3533 ||| READING 2 scrolls of identify.
  3533 | Ossuary  | 3533 ||| IDENTIFYING purple potion
  3534 | Ossuary  | 3534 ||| READING scroll of identify.
  3534 | Ossuary  | 3534 ||| IDENTIFYING 2 bubbling green potions
  3535 | Ossuary  | 3535 ||| READING scroll labelled HIGRUA XAGIRI.
  3535 | Ossuary  | 3535 ||| ENCHANTING +0 shortbow.
  3536 | Ossuary  | 3536 ||| DRINKING 2 sapphire potions.
  3537 | Ossuary  | 3537 ||| DROPPING potion of invisibility.
  3538 | Ossuary  | 3538 ||| DROPPING potion of berserk rage.
  3600 | D:5      | 3600 ||| PLANNING D:1-11
  3631 | D:5      | Reached skill level 3 in Fighting
  3712 | D:5      | HP: 6/40 [ogre/+0 giant club (16)]
  3713 | D:5      | 3713 ||| DRINKING potion of heal wounds.
  3799 | D:5      | Reached skill level 9 in Ranged Weapons
  3843 | D:5      | Found Ciatull's Specific Store.
  3844 | D:5      | Found Muomenybb's General Store.
  3854 | D:5      | 3854 ||| BUYING potion of cancellation (80 gold).
  3854 | D:5      | Bought a potion of cancellation for 80 gold pieces
  3854 | D:5      | 3854 ||| SHOPLISTING scroll of acquirement (520 gold, have
                  | 101).
  3854 | D:5      | 3854 ||| BUYING wand of flame (5) (35 gold).
  3854 | D:5      | Bought a wand of flame (5) for 35 gold pieces
  4071 | D:5      | 4071 ||| READING scroll labelled LUOGE GILEADUGG.
  4071 | D:5      | 4071 ||| BRANDING +1 shortbow.
  4123 | D:6      | Reached skill level 9 in Dodging
  4627 | D:6      | 4627 ||| UPGRADING to +0 cloak.
  4940 | D:7      | HP: 6/40 [orc warrior/+0 trident (9)]
  4943 | D:7      | Slain by an orc warrior

Levels and vault maps discovered:
D:1:      sevenhm_arrival_forest_fort_small_3, layout_loops_cross,
          corner_web_ring
D:2:      layout_basic, basic_ecumenical_altar, moated_statue,
          nrook_mini_backslash, hangedman_glass_teeth, uniq_terence
D:3:      layout_basic, mainiacjoe_overflow_concentric_impassable, minivault_27,
          hex_tiny, patterned_corridor, uniq_ijyb
D:4:      layout_basic
D:5:      layout_cave_pools, nicolae_ossuary_entry_ruins,
          nicolae_zen_rock_garden, nicolae_specific_store
D:6:      layout_basic
D:7:      layout_rooms, temple_hall

Skill      XL: |  1  2  3  4  5  6  7  8 |
---------------+-------------------------+-----
Dodging        | 3 4 5 6 8 9 |  9.3
Ranged Weapons | 5 6 7 8 9 |  9.7
Fighting       | 2 3 |  3.0
Stealth        | |  1.5

Action                     |  1- 3 |  4- 6 |  7- 9 || total
---------------------------+-------+-------+-------++-------
   Fire: Shortbow          |   102 |   201 |   268 ||   571
    Use: Scroll            |     6 |     5 |     6 ||    17
         Potion            |     1 |     3 |     2 ||     6
 Armour: Robe              |    13 |    31 |    43 ||    87
  Dodge: Dodged            |    45 |   125 |   172 ||   342

Table legend:
 A = Non-vault XP
 B = Vault XP
 C = Vault XP percentage of total XP
 D = Non-vault monster count
 E = Vault monster count
 F = Vault count percentage of total count
                 A         B        C        D         E       F
            +---------+---------+-------+---------+---------+-------
      Total |    1552 |    1144 |  42.4 |     110 |      31 |  22.0
            +---------+---------+-------+---------+---------+-------
        D:1 |      36 |       0 |   0.0 |      21 |       0 |   0.0
        D:2 |      22 |      36 |  62.1 |      13 |       1 |   7.1
        D:3 |      17 |      36 |  67.9 |      10 |       1 |   9.1
        D:4 |     257 |       0 |   0.0 |      21 |       0 |   0.0
        D:5 |     484 |       0 |   0.0 |      21 |       0 |   0.0
        D:6 |     578 |       0 |   0.0 |      13 |       0 |   0.0
        D:7 |     158 |       0 |   0.0 |      11 |       0 |   0.0
    Ossuary |       0 |    1072 | 100.0 |       0 |      29 | 100.0
            +---------+---------+-------+---------+---------+-------
